 Dungeon Crawl Stone Soup version 0.29.0-7-g18a832c13a (webtiles) character file.

Game seed: 2120540034851580460

72 LabCoat the Chopper (level 4, -2/60 HPs)
             Began as a Hill Orc Fighter on Aug 31, 2022.
             Slain by Sigmund
             ... wielding a +1 scythe of protection
              (8 damage)
             ... on level 3 of the Dungeon.
             The game lasted 00:06:30 (1793 turns).

LabCoat the Chopper (Hill Orc Fighter)              Turns: 1793, Time: 00:06:31

Health: -2/60      AC: 22    Str: 17 (20) XL:     4   Next: 25%
Magic:  4/4        EV:  2    Int:  5 (8)  God:
Gold:   105        SH:  0    Dex:  9 (10) Spells: 3/3 levels left

rFire   + . .      SeeInvis .   a - +0 war axe
rCold   x . .      Faith    .   c - +0 buckler
rNeg    . . .      Spirit   .   (body armour currently unavailable)
rPois   +          Reflect  .   (helmet currently unavailable)
rElec   .          Harm     .   (cloak currently unavailable)
rCorr   .          Rampage  .   (gloves currently unavailable)
Will    .....      NoTele   +   (boots currently unavailable)
Stlth   +.........              (no amulet)
HPRegen 0.20/turn               g - ring of poison resistance
MPRegen 0.09/turn               i - ring of fire

@: confused, tree-form
A: stationary, stasis, torment immunity, boosted hp
a: no special abilities


You were on level 3 of the Dungeon.
You were a tree.
You visited 1 branch of the dungeon, and saw 3 of its levels.

You collected 105 gold pieces.

Inventory:

Hand Weapons
 a - a +0 war axe (weapon)
 j - a +0 club
Armour
 b - a +0 scale mail (melded)
 c - a +0 buckler (worn)
 l - a +0 pair of gloves (melded)
Jewellery
 g - a ring of poison resistance (left branch)
 i - a ring of fire (right branch)
 m - a ring of flight
Wands
 k - a wand of flame (20)
Scrolls
 e - a scroll of amnesia
Potions
 h - 2 potions of degeneration
 n - a potion of flight
 o - a potion of curing {unknown}
 p - a potion of heal wounds {unknown}
 q - 2 potions of haste


   Skills:
 + Level 3.9 Fighting
 * Level 4.5 Axes
 + Level 3.8 Armour
 + Level 0.1 Dodging
 + Level 3.7 Shields


You had 3 spell levels left.
You didn't know any spells.
Your spell library contained the following spells:

 Spells                   Type           Power      Damage    Failure   Level
 Summon Small Mammal      Summ           0%         N/A       56%         1
 Call Canine Familiar     Summ           0%         N/A       91%         3
 Gell's Gravitas          Tloc           0%         N/A       91%         3
 Lesser Beckoning         Tloc           0%         N/A       91%         3
 Summon Guardian Golem    Hex/Summ       0%         N/A       91%         3
 Teleport Other           Tloc           0%         N/A       91%         3


Dungeon Overview and Level Annotations

Branches:
Dungeon (3/15)

Altars:

Shops:
D:1 !

Annotations:
D:3 Sigmund


Message History

Sigmund is severely wounded.
Sigmund hits you but does no damage.
You hit Sigmund but do no damage.
Sigmund is severely wounded.
Sigmund gestures wildly while chanting.
Sigmund flickers and vanishes!
Deactivating autopickup; reactivate with Ctrl-A.
You hear some strange, mumbled words.
Something tries to affect you, but you resist.
You barely miss something.
You hear some strange, mumbled words.
A magic dart appears from out of thin air!
The magic dart hits you.
* * * LOW HITPOINT WARNING * * *
Something completely misses you.
You hit something. Something hits you!
* * * LOW HITPOINT WARNING * * *
It was a potion of lignification.
You turn into a tree.
Your +0 pair of gloves melds into your body.
Your +0 scale mail melds into your body.
Your roots penetrate the ground.
You hear some strange, mumbled words.
You are confused.
You hear some strange, mumbled words.
You are more confused.
You cannot move. (Use ctrl+direction or * direction to attack while stationary and confused.)
You cannot move. (Use ctrl+direction or * direction to attack while stationary and confused.)
You cannot move. (Use ctrl+direction or * direction to attack while stationary and confused.)
You cannot move. (Use ctrl+direction or * direction to attack while stationary and confused.)
You cannot move. (Use ctrl+direction or * direction to attack while stationary and confused.)
You cannot move. (Use ctrl+direction or * direction to attack while stationary and confused.)
You cannot move. (Use ctrl+direction or * direction to attack while stationary and confused.)
You cannot move. (Use ctrl+direction or * direction to attack while stationary and confused.)
You cannot move. (Use ctrl+direction or * direction to attack while stationary and confused.)
You cannot move. (Use ctrl+direction or * direction to attack while stationary and confused.)
You cannot move. (Use ctrl+direction or * direction to attack while stationary and confused.)
You cannot move. (Use ctrl+direction or * direction to attack while stationary and confused.)
You cannot move. (Use ctrl+direction or * direction to attack while stationary and confused.)
Something hits you!
You die...

#...# # #...#
..#####...#####
#..............
...............
#..............
..#####...#####
# #...# #♣..#
#!{.# #...#
#...# ##.## ..
##


There were no monsters in sight!

Vanquished Creatures
  Natasha (D:3)
  An adder (D:2)
  A worm (D:2)
  2 dart slugs (D:1)
  4 ball pythons (D:2)
  7 bats
  3 endoplasms
  A giant cockroach (D:2)
  4 goblins
  4 hobgoblins
  2 quokkas
  A frilled lizard (D:2)
  A kobold (D:2)
32 creatures vanquished.

Vanquished Creatures (others)
  2 plants (D:2)
2 creatures vanquished.

Grand Total: 34 creatures vanquished

Notes
Turn   | Place    | Note
-------+----------+-------------------------------------------
     0 | D:1      | LabCoat the Hill Orc Fighter began the quest for the Orb.
     0 | D:1      | Reached XP level 1. HP: 19/19 MP: 1/1
    18 | D:1      | Found a faded altar of an unknown god.
   314 | D:1      | Found Juqobein's Distillery.
   390 | D:1      | Reached XP level 2. HP: 24/27 MP: 2/2
   642 | D:1      | Reached skill level 3 in Axes
  1085 | D:2      | Reached XP level 3. HP: 32/33 MP: 3/3
  1722 | D:3      | Noticed Natasha
  1729 | D:3      | Killed Natasha
  1730 | D:3      | Reached skill level 4 in Axes
  1730 | D:3      | Reached XP level 4. HP: 40/40 MP: 4/4
  1767 | D:3      | Noticed Sigmund
  1793 | D:3      | Slain by Sigmund

Illustrated notes

Levels and vault maps discovered:
D:1:      amcnicky_arrival_blooded_trapdoor, layout_rooms,
          dreamdust_ecumenical_altar_statues, serial_shops,
          nicolae_shop_statue_plus, minmay_tromino_v4_a
D:2:      wad_lake_hut, layout_rooms, kennysheep_generic_room_5
D:3:      due_chaos_kobolds, layout_loops_cross, uniq_natasha, uniq_terence,
          uniq_sigmund

Skill      XL: |  1  2  3 |
---------------+----------+-----
Axes           | 3 4 |  4.5
Fighting       | |  3.9
Armour         | |  3.8
Dodging        | |  0.1
Shields        | |  3.7

Action                   |  1- 3 |  4- 6 || total
-------------------------+-------+-------++-------
Melee: War axe           |    91 |     7 ||    98
       Unarmed           |     1 |     2 ||     3
  Use: Scroll            |     6 |     1 ||     7
       Potion            |     1 |     3 ||     4
Armor: Scale mail        |    57 |     1 ||    58
Dodge: Dodged            |    28 |     5 ||    33
Block: Buckler           |    29 |     1 ||    30
